 Dungeon Sprint DCSS version 0.16-a0-3781-g2316936 (console) character file.

1673 Monkaria the Fencer (level 9, -10/79 HPs)
             Began as a Hill Orc Fighter on Jan 25, 2015.
             Was an Elder of Makhleb.
             Mangled by an eight-headed hydra (11 damage)
             ... in the Dungeon (Sprint IX: "|||||||||||||||||||||||||||||").
             The game lasted 00:03:14 (769 turns).

Monkaria the Fencer (Hill Orc Fighter)               Turns: 769, Time: 00:03:14

Health: -10/79     AC: 20    Str: 22    XL:     9   Next: 1%
Magic:  8/12       EV:  8    Int:  8    God:    Makhleb [****..]
Gold:   0          SH: 10    Dex: 10    Spells: 0 memorised, 8 levels left

rFire  . . .     SeeInvis .     u - +2 scimitar (holy)
rCold  . . .     Clarity  .     v - +4 chain mail
rNeg   + . .     SustAb   .     c - +0 shield
rPois  .         Gourm    .     (no helmet)
rElec  .         Spirit   .     (no cloak)
rCorr  .         Warding  +     s - +0 pair of gloves
rMut   .         NoTele   +     t - +0 pair of boots
MR     .....                    x - amulet of warding
Stlth  ..........               q - +2 ring of protection
                                p - +2 ring of evasion

@: not resistant to hostile enchantments, extremely unstealthy
A: no striking features
a: Minor Destruction, Lesser Servant of Makhleb, Major Destruction, Renounce
Religion


You were in the Dungeon.
You worshipped Makhleb.
Makhleb was greatly pleased with you.
You were not hungry.

You visited 1 branch

Inventory:

Hand weapons
 u - a +2 scimitar of holy wrath (weapon)
Armour
 c - a +0 shield (worn)
 s - a +0 pair of gloves (worn)
 t - a +0 pair of boots (worn)
 v - a +4 chain mail (worn)
Jewellery
 p - a +2 ring of evasion (left hand)
 q - a +2 ring of protection (right hand)
 x - an amulet of warding (around neck)
Magical devices
 o - a wand of cold (5)
Scrolls
 k - 2 scrolls of blinking
 m - 3 scrolls of remove curse
 n - 2 scrolls of amnesia
 w - 2 scrolls of enchant weapon
 y - 4 scrolls of enchant armour
 z - a scroll of recharging
 A - a scroll of fear
Potions
 b - a potion of agility
 e - a potion of might
 f - 5 potions of curing
 g - 11 potions of heal wounds
 h - a potion of haste
 i - 4 potions of magic
 j - a potion of berserk rage
 l - a potion of invisibility
Comestibles
 a - 2 chunks of flesh
 d - a meat ration


   Skills:
 - Level 7.4 Fighting
 - Level 16.0 Long Blades
 - Level 10.8 Armour
 - Level 5.7 Shields
 + Level 2.7 Invocations


You had 8 spell levels left.
You didn't know any spells.

Dungeon Overview and Level Annotations

Branches:
Dungeon (1/1)

Altars:
Cheibriados
Dithmenos
Elyvilon
Fedhas
Gozag
Kikubaaqudgha
Makhleb
Nemelex Xobeh
Okawaru
Qazlal
Ru
Sif Muna
Trog
Vehumet
Xom
Yredelemnul
Zin
The Shining One
Beogh
Jiyva
Lugonu


Message History

You block the eight-headed hydra's attack.
The eight-headed hydra bites you but does no damage.
The eight-headed hydra barely misses you. x2
The eight-headed hydra bites you but does no damage.
The Executioner hits you but does no damage. x2
The Executioner barely misses you.
Unknown command.
Unknown command.
Use which ability? (? or * to list)
You feel somewhat more hungry.
You can no longer summon a greater servant of Makhleb.
The Executioner closely misses you. The Executioner hits you.
* * * LOW HITPOINT WARNING * * *
The Executioner hits you but does no damage.
The eight-headed hydra barely misses you.
You block the eight-headed hydra's attack.
The eight-headed hydra barely misses you.
You block the eight-headed hydra's attack.
The eight-headed hydra bites you!
You die...

▓▓▓▓▓▓▓▓▓▓▓▓▓▓▓▓▓▓▓▓▓▓▓▓▓▓▓▓▓▓▓▓▓
..)|..'_____________________'....
▓▓▓▓▓▓▓▓▓▓▓▓▓▓▓▓▓▓▓▓▓▓▓▓▓▓▓▓▓▓▓▓▓
.................................
▓▓▓▓▓▓▓▓▓▓▓▓▓▓▓▓▓▓▓▓▓▓▓▓▓▓▓▓▓▓▓▓▓
..rSFFFSD@12.....†[......)
▓▓▓▓▓▓▓▓▓▓▓▓▓▓▓▓▓▓▓▓▓▓▓▓▓▓


You could see an eight-headed hydra, an Executioner, a spiny frog, 2 water
moccasins, 2 giant frogs, a porcupine and a friendly balrug.

Vanquished Creatures
  A hill giant (D)
  A basilisk (D)
  A hippogriff (D)
  2 water moccasins (D)
  An orc warrior (D)
  A black bear (D)
  An ogre (D)
  A sky beast (D)
  A big kobold (D)
  3 giant frogs (D)
  A crimson imp (D)
  A worker ant (D)
  2 iguanas (D)
  A gnoll (D)
  A river rat (D)
  A giant gecko (D)
  2 orcs (D)
  A hobgoblin (D)
  3 quokkas (D)
  A giant spore (D)
  2 kobolds (D)
  4 rats (D)
  2 ballistomycetes (D)
35 creatures vanquished.

Vanquished Creatures (others)
  2 ballistomycetes (D)
2 creatures vanquished.

Grand Total: 37 creatures vanquished

Notes
Turn   | Place    | Note
--------------------------------------------------------------
     0 | D        | Monkaria, the Hill Orc Fighter, began the quest for the Orb.
     0 | D        | Reached XP level 1. HP: 19/19 MP: 1/1
     9 | D        | Reached skill level 4 in Fighting
     9 | D        | Reached XP level 2. HP: 22/28 MP: 2/2
   103 | D        | Noticed an iguana
   103 | D        | Noticed a sky beast
   108 | D        | Reached skill level 5 in Long Blades
   114 | D        | Killed a sky beast
   114 | D        | Reached skill level 7 in Fighting
   114 | D        | Reached skill level 8 in Long Blades
   114 | D        | Reached XP level 3. HP: 22/39 MP: 3/3
   114 | D        | Reached XP level 4. HP: 26/47 MP: 4/4
   119 | D        | Killed an iguana
   119 | D        | Reached XP level 5. HP: 29/52 MP: 5/5
   263 | D        | Found a glowing silver altar of Zin.
   263 | D        | Found a glowing golden altar of the Shining One.
   263 | D        | Found an ancient bone altar of Kikubaaqudgha.
   263 | D        | Found a basalt altar of Yredelemnul.
   263 | D        | Found a shimmering altar of Xom.
   263 | D        | Found a radiant altar of Vehumet.
   263 | D        | Found an iron altar of Okawaru.
   264 | D        | Found a burning altar of Makhleb.
   265 | D        | Found a deep blue altar of Sif Muna.
   266 | D        | Found a bloodstained altar of Trog.
   267 | D        | Found a sparkling altar of Nemelex Xobeh.
   268 | D        | Found a white marble altar of Elyvilon.
   269 | D        | Found a roughly hewn altar of Beogh.
   270 | D        | Found a viscous altar of Jiyva.
   271 | D        | Found a corrupted altar of Lugonu.
   272 | D        | Found a blossoming altar of Fedhas.
   273 | D        | Became a worshipper of Makhleb the Destroyer
   274 | D        | Found a snail-covered altar of Cheibriados.
   275 | D        | Found a shadowy altar of Dithmenos.
   276 | D        | Found a stormy altar of Qazlal.
   277 | D        | Found an opulent altar of Gozag.
   278 | D        | Found a sacrificial altar of Ru.
   347 | D        | Noticed an ogre
   347 | D        | Noticed a hill giant
   347 | D        | Noticed a black bear
   351 | D        | Killed a black bear
   351 | D        | Acquired Makhleb's first power
   351 | D        | Reached skill level 10 in Long Blades
   351 | D        | Reached skill level 5 in Armour
   357 | D        | Killed a hill giant
   357 | D        | Reached skill level 14 in Long Blades
   357 | D        | Reached XP level 6. HP: 51/60 MP: 6/6
   357 | D        | Reached XP level 7. HP: 56/66 MP: 7/7
   368 | D        | Acquired Makhleb's second power
   373 | D        | Killed an ogre
   464 | D        | Noticed a worker ant
   464 | D        | Noticed an iguana
   464 | D        | Noticed a big kobold
   464 | D        | Noticed a crimson imp
   464 | D        | Noticed an orc warrior
   469 | D        | Killed an orc warrior
   469 | D        | Reached XP level 8. HP: 70/73 MP: 8/8
   470 | D        | Killed a crimson imp
   470 | D        | Acquired Makhleb's third power
   501 | D        | Killed a big kobold
   504 | D        | Killed an iguana
   506 | D        | Killed a worker ant
   506 | D        | Acquired Makhleb's fourth power
   506 | D        | Reached skill level 15 in Long Blades
   700 | D        | Noticed a basilisk
   700 | D        | Noticed a water moccasin
   700 | D        | Noticed a giant frog
   700 | D        | Noticed a water moccasin
   716 | D        | Killed a water moccasin
   716 | D        | Reached skill level 10 in Armour
   723 | D        | Killed a giant frog
   726 | D        | Killed a water moccasin
   726 | D        | Acquired Makhleb's fifth power
   727 | D        | Noticed a hippogriff
   729 | D        | Noticed a giant frog
   731 | D        | Killed a basilisk
   731 | D        | Reached skill level 5 in Shields
   742 | D        | Killed a hippogriff
   742 | D        | Reached skill level 16 in Long Blades
   744 | D        | Killed a giant frog
   759 | D        | Noticed a giant frog
   759 | D        | Noticed a spiny frog
   759 | D        | Noticed a giant frog
   759 | D        | Noticed a water moccasin
   759 | D        | Noticed an eight-headed hydra
   759 | D        | Noticed a giant frog
   762 | D        | Noticed a water moccasin
   764 | D        | Noticed a porcupine
   764 | D        | Killed a giant frog
   764 | D        | Reached XP level 9. HP: 79/79 MP: 8/12
   767 | D        | Noticed an Executioner
   769 | D        | HP: 1/79 [Executioner[the player character] (1)]
   769 | D        | Mangled by an eight-headed hydra

Action                   |  1- 3 |  4- 6 |  7- 9 || total
-------------------------+-------+-------+-------++-------
Melee: Long sword        |    32 |    12 |       ||    44
       Scimitar          |       |     9 |    91 ||   100
Invok: Greater Servant o |       |       |     3 ||     3
Evoke: Wand              |       |     1 |     1 ||     2
